 Dungeon Crawl Stone Soup version 0.18-a0-1745-gffa9a88 (webtiles) character file.

252 4thArraOfDagon the Ruffian (level 5, -7/47 HPs)
             Began as a Draconian Chaos Knight on Apr 11, 2016.
             Mangled by a mummy (10 damage)
             ... in an ossuary.
             The game lasted 00:09:14 (2855 turns).

4thArraOfDagon the Ruffian (Draconian Chaos Knight) Turns: 2855, Time: 00:09:15

Health: -7/47      AC:  9    Str: 14    XL:     5   Next: 89%
Magic:  5/5        EV: 13    Int: 13    God:    Xom [......]
Gold:   266        SH:  0    Dex: 11    Spells: 0 memorised, 4 levels left

rFire  . . .     SeeInvis .       - Unarmed
rCold  . . .     Gourm    .     (armour unavailable)
rNeg   . . .     Faith    .     (no shield)
rPois  .         Spirit   .     (helmet restricted)
rElec  .         Dismiss  .     (no cloak)
rCorr  .         Reflect  .     k - +2 pair of gloves
SustAt .         Harm     .     (no boots)
MR     .....                    (no amulet)
Stlth  +.........               (no ring)
                                q - ring of wizardry

@: not resistant to hostile enchantments, very unstealthy
A: unfitting armour, shaggy fur 1, cold-blooded, AC +5
a: Renounce Religion


You were in an ossuary.
You worshipped Xom.
You were a very special plaything of Xom.
You were not hungry.

You visited 1 branch of the dungeon, and saw 7 of its levels.
You also visited: Ossuary.

You collected 266 gold pieces.

Inventory:

Hand Weapons
 v - a +2 morningstar of protection
Missiles
 g - 4 curare-tipped needles
 h - 5 tomahawks (quivered)
Armour
 k - a +2 pair of gloves (worn)
Jewellery
 q - a ring of wizardry (left hand)
Scrolls
 b - 3 scrolls of random uselessness
 c - a scroll of remove curse
 n - a scroll of enchant armour
Potions
 j - a potion of brilliance
 p - a potion of resistance
 s - a potion of degeneration
Comestibles
 a - 3 bread rations
 d - a slice of pizza
 f - a meat ration
 t - 11 fruits


   Skills:
 + Level 4.4 Fighting
 + Level 3.4 Dodging
 * Level 5.2 Unarmed Combat


You had 4 spell levels left.
You didn't know any spells.

Dungeon Overview and Level Annotations

Branches:
Dungeon (7/15)
 Temple: D:4-7

Altars:
Ashenzari
Makhleb
Pakellas
Yredelemnul

Annotations:
D:4 Grinder; skk's ghost, novice DsFi
D:7 Joseph


Innate Abilities, Weirdness & Mutations

Your plain brown scales are hard (AC +5).
Your body does not fit into most forms of armour.
You are cold-blooded and may be slowed by cold attacks.
You are covered in fur (AC +1).


Message History

You tail-slap the mummy, but do no damage.
The mummy is almost destroyed.
The mummy hits you.
* * * LOW HITPOINT WARNING * * *
You are too injured to fight recklessly!
Drink which item? (? for menu, Esc to quit)
It was a potion of beneficial mutation.
Fur sprouts all over your body.
You feel fantastic! The mummy completely misses you. The mummy hits you!
* * * LOW HITPOINT WARNING * * *
A hobgoblin zombie comes into view.
Unknown command.
You completely miss the mummy.
The mummy is almost destroyed.
Unknown command.
Unknown command.
You closely miss the mummy.
The mummy is almost destroyed.
The mummy hits you!
You die...

#....#
#....#
#.Z..#
#....#
#....#
#...b#
#..bb#
#..MM#
#.∩∩@#
######


You could see 2 mummies and a hobgoblin zombie.

Vanquished Creatures
  Ijyb (D:3)
  A big kobold zombie (Ossuary)
  A howler monkey zombie (D:6)
  2 mummies (Ossuary)
  6 adders
  3 gnolls (D:3)
  An adder skeleton (D:5)
  4 dart slugs
  3 giant geckos
  6 orcs
  7 bats
  4 giant cockroaches
  4 goblins
  8 hobgoblins
  4 jackals (D:2)
  8 kobolds
  A quokka (D:2)
  A ball python (D:2)
  3 giant newts
  3 kobold zombies (Ossuary)
  3 orc zombies (Ossuary)
  6 rats (D:2)
80 creatures vanquished.

Notes
Turn   | Place    | Note
--------------------------------------------------------------
     0 | D:1      | 4thArraOfDagon the Draconian Chaos Knight began the quest for the Orb.
     0 | D:1      | Reached XP level 1. HP: 19/19 MP: 1/1
     0 | D:1      | LAST
     0 | D:1      | DRCK
     6 | D:1      | Noticed a rime drake
     6 | D:1      | Noticed a lindwurm
     6 | D:1      | Noticed a black bear
   150 | D:1      | XOM: smoke on damage
   155 | D:1      | Reached XP level 2. HP: 11/26 MP: 2/2
   250 | D:1      | XOM: cast spell 'Summon Butterflies'
   478 | D:1      | XOM: harmless Fire miscast
   786 | D:1      | Reached XP level 3. HP: 30/31 MP: 3/3
  1002 | D:2      | XOM: divination: magic mapping
  1007 | D:2      | XOM: mild Trmt miscast
  1391 | D:2      | XOM: harmless Tloc miscast
  1542 | D:3      | Reached XP level 4. HP: 33/40 MP: 4/4
  1591 | D:3      | Reached skill level 4 in Unarmed Combat
  1631 | D:3      | Found a burning altar of Makhleb.
  1732 | D:3      | Found a shattered altar of Ashenzari.
  1913 | D:3      | Found an oddly glowing altar of Pakellas.
  1931 | D:3      | Found a faded altar to an unknown god.
  1947 | D:3      | Noticed Ijyb
  1947 | D:3      | XOM: potion effect (berserk rage)
  1955 | D:3      | Killed Ijyb
  2117 | D:3      | Reached XP level 5. HP: 43/46 MP: 5/5
  2118 | D:3      | XOM: harmless Trmt miscast
  2205 | D:4      | Noticed Grinder
  2219 | D:4      | Paralysed by Grinder for 3 turns
  2294 | D:4      | XOM: harmless Erth miscast
  2316 | D:4      | Noticed skk's ghost (novice DsFi)
  2318 | D:5      | Entered Level 5 of the Dungeon
  2318 | D:5      | Noticed a phantom
  2326 | D:5      | XOM: silly message
  2327 | D:5      | Noticed an ice beast
  2480 | D:6      | Noticed a black bear
  2504 | D:6      | Found a basalt altar of Yredelemnul.
  2613 | D:6      | Reached skill level 5 in Unarmed Combat
  2673 | D:7      | Noticed Joseph
  2674 | D:7      | RLY
  2676 | D:7      | Found a sand-covered staircase.
  2683 | Ossuary  | Entered an ossuary
  2704 | Ossuary  | XOM: blink monster(s)
  2710 | Ossuary  | XOM: confusion (+ monsters)
  2787 | Ossuary  | XOM: severe Divn miscast
  2845 | Ossuary  | XOM: butterfly on damage
  2848 | Ossuary  | XOM: noise
  2853 | Ossuary  | Gained mutation: You are covered in fur (AC +1). [potion of beneficial mutation]
  2855 | Ossuary  | Mangled by a mummy

Vault maps used:
D:1:      onia_arrival_zoo_common, serial_park_tiny_1
D:2:      first_bread, minmay_misc_feat_encased
D:3:      cheibrodos_ashenzari_chains, grunt_pakellas_basics,
          makhleb_blood_cavern_becter, ecumenical_altar_1, uniq_iyjb
D:4:      minmay_door_path, okawaru_altar_gauntlet_db, uniq_grinder
D:5:      lemuel_ratsnest, gammafunk_temple_overflow_statue, serial_shops,
          kennysheep_mini, wad_rectangle_vault, uniq_pikel
D:6:      vehumet_altar_wand_db, grunt_temple_overflow_open, lemuel_round_altar,
          minmay_temple_entry_large_hall, bh_chokoban
D:7:      nicolae_ossuary_entry_monument, sword_in_stone, uniq_joseph
Ossuary:  ossuary_tomb_3

Skill      XL: |  1  2  3  4  5 |
---------------+----------------+-----
Dodging        | 3 |  3.4
Unarmed Combat | 4 5 |  5.2
Fighting       | 4 |  4.4

Action                   |  1- 3 |  4- 6 || total
-------------------------+-------+-------++-------
Melee: Unarmed           |   194 |   201 ||   395
       Morningstar       |       |     9 ||     9
Throw: Tomahawk          |     1 |       ||     1
  Use: Potion            |     2 |     4 ||     6
       Scroll            |       |    13 ||    13
 Stab: Sleeping          |     1 |       ||     1
       Confused          |       |     1 ||     1
  Eat: Chunk             |     2 |     5 ||     7
       Fruit             |       |     2 ||     2
